 Dungeon Crawl Stone Soup version 0.32-a0-938-g40ac7a0f4d (webtiles) character file.

Game seed: 11301002730447740915

12680 jfitz the Cleaver (level 11, -14/102 HPs)
             Began as a Minotaur Berserker on Apr 15, 2024.
             Was an Elder of Trog.
             Demolished by a cyan very ugly thing (24 damage)
             ... on level 10 of the Dungeon.
             The game lasted 00:20:42 (10142 turns).

jfitz the Cleaver (Minotaur Berserker)             Turns: 10142, Time: 00:20:42

Health: -14/102    AC: 15    Str: 26    XL:     11   Next: 65%
Magic:  10/10      EV: 11    Int:  4    God:    Trog [****..]
Gold:   712        SH:  5    Dex: 16    Spells: 10/10 levels left

rFire   + . .        n - +1 broad axe (freeze)
rCold   + . .        (no shield)
rNeg    . . .        f - +0 chain mail
rPois   +            (helmet restricted)
rElec   .            d - scarf {rC+ rF+}
rCorr   .            s - +0 pair of gloves
SInv    .            E - +0 pair of boots
Will    .....        i - amulet of reflection Stlth
                     C - +6 ring of dexterity
HPRegen 0.37/turn    B - ring of poison resistance
MPRegen 0.12/turn

%: reflection
@: slowed, very slow
A: horns 2, retaliatory headbutt
a: Renounce Religion, Berserk, Trog's Hand, Brothers in Arms


You were on level 10 of the Dungeon.
You worshipped Trog.
Trog was greatly pleased with you.
You visited 1 branch of the dungeon, and saw 10 of its levels.
You also visited: Bailey.

You collected 745 gold pieces.
You spent 33 gold pieces at shops.

Inventory:

Hand Weapons
 n - a +1 broad axe of freezing (weapon)
 K - the +7 staff of the Meek {protect, meekguard}
   (You found it on level 8 of the Dungeon)
Armour
 d - a scarf of resistance (worn)
 f - a +0 chain mail (worn)
 s - a +0 pair of gloves (worn)
 w - a scarf of invisibility
 E - a +0 pair of boots (worn)
Jewellery
 i - an amulet of reflection (around neck)
 t - a ring of positive energy
 B - a ring of poison resistance (right hand)
 C - a +6 ring of dexterity (left hand)
Wands
 q - a wand of flame (23)
 y - a wand of charming (34)
 M - a wand of mindburst (1)
Scrolls
 b - 2 scrolls of vulnerability {unknown}
 c - 2 scrolls of poison {unknown}
 h - a scroll of identify
 j - 2 scrolls of enchant weapon {unknown}
 k - 2 scrolls of fog {unknown}
 l - a scroll of brand weapon
 m - 6 scrolls of teleportation
 o - a scroll of amnesia
 v - 2 scrolls of noise {unknown}
 G - 2 scrolls of immolation
 I - 2 scrolls of enchant armour {unknown}
 L - a scroll of blinking
Potions
 e - 4 potions of lignification
 g - 2 potions of curing
 p - a potion of invisibility {unknown}
 r - 3 potions of heal wounds
 u - 2 potions of cancellation {unknown}
 x - 3 potions of attraction {unknown}
 z - a potion of enlightenment {unknown}
 A - a potion of brilliance {unknown}
 D - a potion of haste {unknown}
 H - 2 potions of degeneration {unknown}


   Skills:
 + Level 11.0 Fighting
 + Level 13.8 Axes
 + Level 11.4 Armour
 + Level 6.0 Dodging
 + Level 1.5 Stealth
 + Level 7.0 Shields


You had 10 spell levels left.
You didn't know any spells.
Your spell library was empty.

Dungeon Overview and Level Annotations

Branches:
Dungeon (10/15)            Temple (0/1) D:7            Lair (0/5) D:8
 Bailey (visited)
    Orc: D:9-12

Altars:
Ashenzari
Cheibriados
Dithmenos
Elyvilon
Fedhas
Hepliaklqana
Okawaru
Sif Muna
Trog
Uskayaw
Vehumet
Yredelemnul
Beogh

Shops:
D:2 ?

Annotations:
D:7 exclusion: oklob plant


Innate Abilities, Weirdness & Mutations

You have a pair of horns on your head.
You reflexively headbutt those who attack you in melee.


Message History

The wyvern is moderately wounded.
The wyvern bites you. The centaur completely misses you.
You slash the wyvern! You freeze the wyvern.
The wyvern is severely wounded.
The wyvern bites you but does no damage.
You block the centaur's attack. The wyvern bites you!
The centaur barely misses you.
You hit the wyvern but do no damage. You headbutt the wyvern!
You kill the wyvern!
Trog accepts your kill.
The centaur unwields a +1 trident of freezing.
The centaur wields a +0 shortbow.
The centaur shoots an arrow.
The arrow barely misses you.
Your Fighting skill increases to level 11!
You hit the wraith but do no damage. The wraith hits you.
The wraith drains your vigour!
You feel yourself slow down.
You barely miss the wraith.
You headbutt the wraith, but do no damage.
The wraith hits you but does no damage.
You hit the wraith but do no damage. The wraith completely misses you.
You barely miss the wraith. The wraith misses you.
You hit the cyan very ugly thing. You freeze the cyan very ugly thing.
You headbutt the cyan very ugly thing!
The cyan very ugly thing is lightly wounded.
The cyan very ugly thing tail-slaps you but does no damage.
You hit the cyan very ugly thing but do no damage.
You headbutt the cyan very ugly thing.
The cyan very ugly thing is moderately wounded.
The cyan very ugly thing tail-slaps you!
The cyan very ugly thing shocks you!!
You hit the cyan very ugly thing but do no damage.
Your headbutt misses the cyan very ugly thing.
The cyan very ugly thing is moderately wounded.
The cyan very ugly thing tail-slaps you.
The cyan very ugly thing shocks you!!
* * * LOW HITPOINT WARNING * * *
The cyan very ugly thing tail-slaps you!
* * * LOW HITPOINT WARNING * * *
The cyan very ugly thing shocks you!!
You die...

..#*,,,**,,,,,,,,,,,,,,,#♣.♣♣.#..
..#,*+*,****,,,,,,,,,***#.♣♣..#..
..#,*,*,* *****,***** #.♣..♣#..
..#,*,*,* *** ##+########...♣♣#..
..#,*,*,* *,* #...#.....#.†♣♣ #..
..#,*,*,***,**♣.[.♣.♣♣♣.♣.♣♣♣♣#..
....#,*,,,,*,,+<ß>'.♣ ♣.)........
..#.#,*,***,**♣...♣.♣♣♣.♣.♣♣♣♣#..
..#.#,*,* *,* #.@.#.....#.♣**,#..
..#,#,*,* *** ##u########.♣*,,#..
..#,*,*,*****♣♣YOW♣♣****#.♣,,*#..
..#,*+*,**,*,♣.~c~.♣,*,*#..,**#..
..#*,,,**......~~~......#..** #..
..#**,***♣.♣.♣.~~~.♣.♣.♣#.♣,* #..
..###******♣♣♣♣...♣♣♣♣*********,,
.....,,,******##.##******,,,,,,,,
.....,,,**,,,,*#.#*,,,,**,,,,,,,,


You could see a cyan very ugly thing, a two-headed ogre, a yak, a wraith and a
centaur.

Vanquished Creatures
  3 two-headed ogres
  Pikel (D:6)
  Maurice (D:7)
  Maggie (D:6)
  A gargoyle (D:10)
  2 hornets
  Grinder (D:5)
  Prince Ribbit (D:5)
  Sigmund (D:4)
  A wraith (D:9)
  8 yaks
  6 wyverns
  2 basilisks (D:8)
  Eustachio (D:5)
  A steam dragon (D:7)
  Grum (D:10)
  A vampire mosquito (D:10)
  Edmund (D:6)
  4 water moccasins
  3 black bears
  Duvessa (D:7)
  8 orc warriors
  A sky beast (D:7)
  2 ice beasts
  4 wolves (D:10)
  An ogre (D:5)
  4 lemures (D:6)
  A phantom (D:6)
  6 centaurs
  8 kobold brigands
  3 bullfrogs
  2 scorpions
  9 wights (D:8)
  Dowan (D:7)
  8 killer bees
  2 howler monkeys (D:9)
  8 orc priests
  2 jellies (D:5)
  2 gnoll boudas
  2 hounds
  2 sleepcaps
  Crazy Yiuf (D:3)
  5 orc wizards
  5 gnolls (D:4)
  9 adders
  A white imp (D:5)
  A ribbon worm (D:4)
  34 orcs
  8 ball pythons
  5 endoplasms
  3 giant cockroaches
  10 goblins
  11 hobgoblins
  2 jackals (D:1)
  5 quokkas
  4 bats
  2 frilled lizards (D:1)
  18 kobolds
  6 rats
248 creatures vanquished.

Vanquished Creatures (collateral kills)
  An orc warrior (Bailey)
1 creature vanquished.

Grand Total: 249 creatures vanquished

Notes
Turn   | Place    | Note
-------+----------+-------------------------------------------
     0 | D:1      | jfitz the Minotaur Berserker began the quest for the Orb.
     0 | D:1      | Reached XP level 1. HP: 19/19 MP: 0/0
    87 | D:1      | Found a faded altar of an unknown god.
    87 | D:1      | Noticed a golden eye
    93 | D:1      | Noticed a glass eye
    97 | D:1      | Noticed a shining eye
    97 | D:1      | Noticed an eye of devastation
   135 | D:1      | Reached XP level 2. HP: 19/27 MP: 1/1
   266 | D:1      | Reached skill level 4 in Axes
   302 | D:1      | Reached ** piety under Trog
   429 | D:1      | Reached XP level 3. HP: 33/33 MP: 2/2
   708 | D:2      | Found Suemub's Magic Scroll Shoppe.
   714 | D:2      | Bought a scroll of teleportation for 33 gold pieces
  1178 | D:3      | Found a runed translucent door.
  1179 | D:3      | Noticed Crazy Yiuf
  1191 | D:3      | HP: 1/51 [Crazy Yiuf/+4 quarterstaff of chaos (6)]
  1192 | D:3      | Killed Crazy Yiuf
  1193 | D:3      | Reached XP level 4. HP: 2/41 MP: 3/3
  1711 | D:3      | Reached skill level 5 in Axes
  2314 | D:4      | Reached XP level 5. HP: 46/47 MP: 4/4
  2344 | D:4      | Noticed a black bear
  2355 | D:4      | Killed a black bear
  2356 | D:4      | Reached skill level 1 in Shields
  2473 | D:4      | Reached skill level 5 in Fighting
  2473 | D:4      | Reached XP level 6. HP: 44/56 MP: 5/5
  2717 | D:4      | Noticed a water moccasin
  2727 | D:4      | Killed a water moccasin
  2728 | D:4      | Reached skill level 6 in Axes
  2814 | D:4      | Reached *** piety under Trog
  2877 | D:4      | Noticed Sigmund
  2888 | D:4      | Killed Sigmund
  2889 | D:4      | Reached skill level 7 in Axes
  2889 | D:4      | Reached skill level 5 in Armour
  2889 | D:4      | Reached XP level 7. HP: 61/61 MP: 6/6
  3297 | D:5      | Entered Level 5 of the Dungeon
  3379 | D:5      | Noticed Eustachio
  3438 | D:5      | Killed Eustachio
  3477 | D:5      | Noticed Grinder
  3480 | D:5      | Paralysed by Grinder for 2 turns
  3488 | D:5      | Killed Grinder
  3489 | D:5      | Reached skill level 8 in Axes
  3489 | D:5      | Reached XP level 8. HP: 70/70 MP: 7/7
  4118 | D:5      | Noticed Prince Ribbit
  4130 | D:5      | Killed Prince Ribbit
  4379 | D:6      | Noticed Maggie
  4396 | D:6      | Killed Maggie
  4397 | D:6      | Reached skill level 9 in Axes
  4410 | D:6      | Noticed a two-headed ogre
  4459 | D:6      | Killed a two-headed ogre
  4460 | D:6      | Reached XP level 9. HP: 37/79 MP: 8/8
  4676 | D:6      | Reached skill level 10 in Axes
  4886 | D:6      | Noticed Pikel
  4925 | D:6      | Killed Pikel
  4994 | D:6      | Reached skill level 5 in Shields
  4999 | D:6      | Found a broken altar of Ashenzari.
  5032 | D:6      | Noticed Edmund
  5049 | D:6      | Killed Edmund
  5245 | D:6      | Found a basalt altar of Yredelemnul.
  5689 | D:7      | Found a snail-covered altar of Cheibriados.
  5698 | D:7      | Noticed Duvessa
  5700 | D:7      | Noticed Dowan
  5704 | D:7      | Killed Duvessa
  5705 | D:7      | Reached skill level 5 in Dodging
  5726 | D:7      | Killed Dowan
  5727 | D:7      | Reached XP level 10. HP: 77/90 MP: 9/9
  5904 | D:7      | Noticed a two-headed ogre
  5911 | D:7      | Killed a two-headed ogre
  5912 | D:7      | Reached skill level 11 in Axes
  5997 | D:7      | Found a blossoming altar of Fedhas.
  6010 | D:7      | Noticed an oklob plant
  6064 | D:7      | Noticed Maurice
  6072 | D:7      | Killed Maurice
  6105 | D:7      | Found a staircase to the Ecumenical Temple.
  6687 | D:7      | Found a shimmering blue altar of Sif Muna.
  6687 | D:7      | Found a white marble altar of Elyvilon.
  6935 | D:8      | Found a hazy altar of Hepliaklqana.
  7137 | D:8      | Reached skill level 10 in Armour
  7299 | D:8      | Found a hide-covered altar of Uskayaw.
  7299 | D:8      | Noticed a +0 falchion
  7299 | D:8      | Noticed a +0 short sword
  7299 | D:8      | Noticed a +0 short sword
  7299 | D:8      | Noticed a +0 dagger
  7300 | D:8      | Noticed a +0 falchion
  7302 | D:8      | Noticed a +0 spear
  7308 | D:8      | Reached skill level 12 in Axes
  7308 | D:8      | Noticed a +0 spear
  7308 | D:8      | Noticed a +0 dagger
  7415 | D:8      | Reached **** piety under Trog
  7416 | D:8      | Found a staircase to the Lair.
  7659 | D:8      | Reached XP level 11. HP: 93/99 MP: 10/10
  7796 | D:8      | Reached skill level 10 in Fighting
  7985 | D:8      | Found a roughly hewn altar of Beogh.
  7985 | D:8      | Found the +7 staff of the Meek {protect, meekguard}
  8150 | D:9      | Noticed a two-headed ogre
  8164 | D:9      | Killed a two-headed ogre
  8165 | D:9      | Reached skill level 13 in Axes
  8563 | D:9      | Reached skill level 1 in Stealth
  8948 | D:9      | Found a bloodstained altar of Trog.
  9335 | D:10     | Entered Level 10 of the Dungeon
  9361 | D:10     | Found a radiant altar of Vehumet.
  9403 | D:10     | Found a flagged portal.
  9404 | D:10     | Noticed Grum
  9416 | D:10     | Killed Grum
  9490 | Bailey   | Entered a bailey
  9836 | Bailey   | Found a bloodstained altar of Trog.
  9872 | D:10     | Found a shadowy altar of Dithmenos.
  9936 | D:10     | Found an iron altar of Okawaru.
 10128 | D:10     | Noticed a two-headed ogre
 10128 | D:10     | Noticed a cyan very ugly thing
 10142 | D:10     | Demolished by a cyan very ugly thing

Illustrated notes

Levels and vault maps discovered:
D:1:      dpeg_arrival_erosion, layout_rooms,
          hellmonk_ecumenical_altar_watching_god, minmay_vboxes
D:2:      layout_basic, serial_shops, shop
D:3:      layout_basic, minmay_misc_feat_tiny, uniq_crazy_yiuf_cottage
D:4:      layout_loops_ring, uniq_sigmund
D:5:      layout_loops_ring, serial_aquarium, aquarium_bridge_island_small
          [aquarium_subvault_small_open, aquarium_subvault_bridge,
          aquarium_subvault_bridge, aquarium_subvault_wall,
          aquarium_subvault_wall], aquarium_window_corner, aquarium_window_1,
          aquarium_view_2a, aquarium_view_2e, uniq_grinder, uniq_eustachio,
          uniq_prince_ribbit1
D:6:      layout_loops_corners, mainiacjoe_overflow_chevrons,
          ashenzari_conservatory_becter, hex_large, uniq_maggie, uniq_edmund,
          uniq_pikel
D:7:      layout_basic, mainiacjoe_overflow_concentric_impassable, tgw_fedhas,
          gammafunk_temple_overflow_wave, minmay_temple_entry_arrows,
          chequers_serial_rivers_micro_e, minmay_misc_feat_columns,
          nicolae_nh_ransacked_shop, uniq_duvessa, uniq_maurice
D:8:      layout_rooms, worldfamousw_hep_ancestral_shrine,
          nicolae_uskayaw_en_pointe, minmay_lair_entry_grove,
          grunt_decor_one_mirror, pf_guarded_unrand_meek
D:9:      layout_roguey, mainiacjoe_overflow_brackets, nicolae_wwwww
D:10:     nzn_winding_woodlands_stair_cross
          [nzn_winding_woodlands_5x15_longhouse,
          nzn_winding_woodlands_center_triple_pond,
          nzn_winding_woodlands_5x15_default, nzn_winding_woodlands_5x5_cross,
          nzn_winding_woodlands_5x5_perimeter, nzn_winding_woodlands_5x15_pool,
          nzn_winding_woodlands_center_pierced_h,
          nzn_winding_woodlands_5x15_pockets], layout_long_grid,
          mainiacjoe_overflow_alcove_4, lemuel_doored_altar,
          nicolae_dithmenos_shadow_blocks, gammafunk_temple_overflow_elements,
          marbit_many_paths, enter_bailey_2, serial_glass, glass_columns_b,
          glass_columns_a, uniq_grum

Skill      XL: |  1  2  3  4  5  6  7  8  9 10 11 |
---------------+----------------------------------+-----
Fighting       | 4 5 6 7 8 9 11 | 11.0
Axes           | 4 5 7 8 9 10 12 13 | 13.8
Armour         | 3 4 5 7 8 10 11 | 11.4
Dodging        | 3 4 5 6 |  6.0
Shields        | 1 2 3 4 5 6 7 |  7.0
Stealth        | 1 |  1.5

Action                     |  1- 3 |  4- 6 |  7- 9 | 10-12 || total
---------------------------+-------+-------+-------+-------++-------
  Melee: Hand axe          |    89 |   105 |   288 |   163 ||   645
         Headbutt          |    10 |    14 |    54 |    86 ||   164
         War axe           |       |       |       |   193 ||   193
         Broad axe         |       |       |       |    24 ||    24
 Invoke: Berserk           |     1 |     1 |     8 |     7 ||    17
         Brothers in Arms  |       |       |       |     1 ||     1
    Use: Scroll            |       |       |       |     9 ||     9
 Armour: Leather armour    |    47 |       |       |       ||    47
         Animal skin       |     1 |       |       |       ||     1
         Chain mail        |    41 |    81 |   235 |   277 ||   634
         Skin              |     1 |       |       |       ||     1
  Dodge: Dodged            |    52 |    48 |   135 |   174 ||   409
  Block: Other             |       |    22 |    62 |    87 ||   171
         Reflection        |       |       |     2 |    14 ||    16

Table legend: (Time is in decaauts)
 A = Elapsed time spent in this place.
 B = Non-inter-level travel time spent in this place.
 C = Inter-level travel time spent in this place.
 D = Time resting spent in this place.
 E = Time spent auto-exploring this place.
 F = Levels seen in this place.
 G = Mean time per level.
                   A        B        C        D        E       F      G
               +--------+--------+--------+--------+--------+-----+--------+
         Total |  10210 |   9785 |    425 |   1546 |   6450 |  11 |  928.2 |
       Dungeon |   9820 |   9395 |    425 |   1293 |   6428 |  10 |  982.0 |
        Bailey |    390 |    390 |      0 |    253 |     22 |   1 |  390.0 |
               +--------+--------+--------+--------+--------+-----+--------+

Top non-repeatable levels by time:
     D:6: 1292 daAuts
     D:9: 1286 daAuts
     D:3: 1238 daAuts
     D:8: 1197 daAuts
     D:7: 1179 daAuts
     D:5: 1094 daAuts
     D:4: 974 daAuts
     D:2: 580 daAuts
     D:1: 546 daAuts
    D:10: 431 daAuts
  Bailey: 390 daAuts
